 Dungeon Crawl Stone Soup version 0.28.0-53-g5a82cb258f (webtiles) character file.

Game seed: 14484523439112902357

1393763 maxonian the Formicid Catastrophe (level 27, 206/206 HPs)
             Began as a Formicid Wanderer on May 29, 2022.
             Was an Elder of Qazlal.
             Escaped with the Orb
             ... and 3 runes on May 30, 2022!
             The game lasted 04:54:49 (102335 turns).

maxonian the Formicid Catastrophe (FoWn)          Turns: 102335, Time: 04:54:50

Health: 206/206    AC: 39    Str: 41    XL:     27
Magic:  35/35      EV: 14    Int: 12    God:    Qazlal [****..]
Gold:   2889       SH: 25    Dex:  9    Spells: 27/28 levels left

rFire   + + +      SeeInvis +   b - +6 executioner's axe (freeze)
rCold   . . .      Faith    .   r - +1 tower shield {rN+}
rNeg    + . .      Spirit   .   w - +7 gold dragon scales
rPois   +          Reflect  .   (helmet unavailable)
rElec   +          Harm     .   i - +2 cloak of the King of the Hill {rPois rCorr Int-4 Dex+2 Stlth+}
rCorr   +          Rampage  ∞   E - +0 pair of gloves
Will    ++...                   c - +3 pair of seven-league boots {Rampage+∞}
Stlth   ..........              o - amulet "Xoampeck" {Rampage rC- Regen+ Str+9 Int+4}
HPRegen 1.24/turn               M - ring "Poddys" {rF+ EV+4 Str+6 Stlth+}
MPRegen 0.24/turn               V - ring "Rukhliurr" {+Blink rElec rF+ rCorr}

@: repel missiles
A: permanent stasis, dig shafts and tunnels, antennae 3, four strong arms, claws
1, iridescent scales 1, clumsy 1, deterioration 2, dopey 2, frail 1, low MP 1,
screaming 1, weak 1, wild magic 1
0: Orb of Zot
}: 3/15 runes: decaying, serpentine, slimy
a: Dig, Shaft Self, Renounce Religion, Upheaval, Elemental Force


You escaped.
You worshipped Qazlal.
Qazlal was greatly pleased with you.
You visited 11 branches of the dungeon, and saw 53 of its levels.
You visited 1 bazaar.
You also visited: Trove.

You collected 7142 gold pieces.
You spent 4253 gold pieces at shops.

Inventory:

Hand Weapons
 a - the +8 arbalest of Tuocluan {vorpal, Str+2}
   (You found it on level 6 of the Lair of Beasts)

   Any ammunition fired from it inflicts extra damage upon your enemies.
   Str:       It affects your strength (+2).
 b - a +6 executioner's axe of freezing (weapon)
   (You bought it in a shop on level 2 of the Orcish Mines)
 f - a +2 vampiric war axe
   (You took it off a naga warrior on level 3 of the Snake Pit)
 G - a +0 antimagic broad axe
   (You took it off an orc knight on level 2 of the Depths)
 Z - the +14 obsidian axe {vorpal, Mesm Drain Fly SInv}
   (You found it on level 4 of the Lair of Beasts)

   It inflicts extra damage upon your enemies.
   It occasionally summons demons to assist the wielder when it strikes in
   combat.
   Its wielder is mesmerised by any visible foes.
   It cannot be unequipped while any foes are visible.
   SInv:      It lets you see invisible.
   Fly:       It grants you flight.
   Drain:     It drains your maximum health when unequipped.
Missiles
 e - 1302 bolts
 H - a throwing net (quivered)
Armour
 c - the +3 pair of seven-league boots (worn) {Rampage+∞}
   (You found it on level 5 of the Pits of Slime)

   Its wearer moves as far as possible in that direction when moving towards
   enemies.
 i - the +2 cloak of the King of the Hill (worn) {rPois rCorr Int-4 Dex+2 Stlth+}
   (You found it in a treasure trove)

   Int:       It affects your intelligence (-4).
   Dex:       It affects your dexterity (+2).
   rPois:     It protects you from poison.
   rCorr:     It protects you from acid and corrosion.
   Stlth:     It makes you more stealthy.
 r - a +1 tower shield of positive energy (worn)
   (You took it off a naga warrior on level 4 of the Snake Pit)
 w - +7 gold dragon scales (worn)
   (You found it on level 3 of the Depths)
 E - a +0 pair of gloves (worn)
   (You found it on level 5 of the Dungeon)
Jewellery
 d - a ring of flight
   (You found it on level 4 of the Depths)
 j - the ring of Yber {Will+ rCorr}
   (You took it off a tengu warrior on level 15 of the Dungeon)

   [ring of resist corrosion]

   rCorr:     It protects you from acid and corrosion.
   Will:      It increases your willpower.
 o - the amulet "Xoampeck" (around neck) {Rampage rC- Regen+ Str+9 Int+4}
   (You acquired it on level 1 of the Vaults)

   [amulet of regeneration]

   Str:       It affects your strength (+9).
   Int:       It affects your intelligence (+4).
   rC:        It makes you vulnerable to cold.
   Regen:     It increases your rate of health regeneration.
   Rampage:   It bestows one free step when moving towards enemies.
 p - an amulet of reflection
   (You found it on level 2 of the Dungeon)
 t - the amulet of the Four Winds {rN+ Will+++ Clar}
   (You took it off a deep elf death mage on level 3 of the Elven Halls)

   [amulet of nothing]

   rN:        It protects you from negative energy.
   Clar:      It protects you against confusion.
   Will:      It greatly increases your willpower.
 u - the amulet of Moderation {Faith +Inv Int+4 Dex+3}
   (You found it in a treasure trove)

   [amulet of faith]

   It allows you to gain divine favour quickly.
   Int:       It affects your intelligence (+4).
   Dex:       It affects your dexterity (+3).
   +Inv:      It lets you turn invisible.
 x - the amulet of Udwaon {Acrobat rC+ Stlth+}
   (You found it in a treasure trove)

   [amulet of the acrobat]

   It increases your evasion while moving and waiting.
   rC:        It protects you from cold.
   Stlth:     It makes you more stealthy.
 F - the ring "Tostia" {rF+ Will+ MP+9}
   (You took it off a deep elf pyromancer on level 15 of the Dungeon)

   [ring of protection from fire]

   rF:        It protects you from fire.
   MP:        It affects your magic capacity (+9).
   Will:      It increases your willpower.
 M - the ring "Poddys" (left hand) {rF+ EV+4 Str+6 Stlth+}
   (You found it on level 5 of the Pits of Slime)

   [ring of evasion]

   EV:        It affects your evasion (+4).
   Str:       It affects your strength (+6).
   rF:        It protects you from fire.
   Stlth:     It makes you more stealthy.
 O - a ring of protection from cold
   (You took it off a deep elf zephyrmancer on level 1 of the Elven Halls)
 V - the ring "Rukhliurr" (right hand) {+Blink rElec rF+ rCorr}
   (You took it off a deep elf death mage on level 3 of the Elven Halls)

   [ring of protection from fire]

   rF:        It protects you from fire.
   rElec:     It insulates you from electricity.
   +Blink:    It lets you blink.
   rCorr:     It protects you from acid and corrosion.
 W - the ring of Eropeh {rElec Will+ SInv}
   (You took it off a deep elf high priest on level 3 of the Elven Halls)

   [ring of willpower]

   rElec:     It insulates you from electricity.
   SInv:      It lets you see invisible.
   Will:      It increases your willpower.
 Y - the ring "Amichoef" {AC+4 Dex+4}
   (You took it off an efreet on level 15 of the Dungeon)

   [ring of protection]

   AC:        It affects your AC (+4).
   Dex:       It affects your dexterity (+4).
Wands
 J - a wand of digging (24)
   (You found it on level 6 of the Lair of Beasts)
 P - a wand of iceblast (33)
   (You found it on level 6 of the Dungeon)
 T - a wand of acid (17)
   (You found it on level 8 of the Dungeon)
Scrolls
 k - 4 scrolls of silence
 l - 14 scrolls of fear
 z - 8 scrolls of fog
 A - 3 scrolls of holy word
 I - 2 scrolls of summoning
 L - a scroll of magic mapping
 Q - 7 scrolls of immolation
Potions
 h - 2 potions of resistance
 m - 3 potions of cancellation
 n - 8 potions of heal wounds {@q2}
 q - 8 potions of flight
 s - 27 potions of curing {@q1}
 y - a potion of mutation
 C - 6 potions of lignification
 D - 3 potions of magic
 N - 5 potions of ambrosia
 R - 2 potions of invisibility
 S - 2 potions of might
 U - 8 potions of attraction
Miscellaneous
 g - a lightning rod (4/4)
   (You found it on level 15 of the Dungeon)
 v - a tin of tremorstones (2/2)
   (You found it on level 3 of the Elven Halls)
 B - a phantom mirror
   (You found it on level 15 of the Dungeon)
 K - a phial of floods
   (You found it on level 2 of the Lair of Beasts)
 X - a condenser vane
   (You bought it in a shop on level 3 of the Elven Halls)


   Skills:
 - Level 21.5 Fighting
 - Level 24.0 Axes
 - Level 18.0 Crossbows
 - Level 2.0 Throwing
 - Level 15.3 Armour
 - Level 13.6 Dodging
 - Level 2.3 Stealth
 - Level 19.5 Shields
 - Level 1.4 Spellcasting
 - Level 2.2 Necromancy
 + Level 25.8 Invocations
 - Level 8.6 Evocations


You had 27 spell levels left.
You knew the following spells:

 Your Spells              Type           Power      Damage    Failure   Level
a - Pain                  Necr           32%        1d5       90%         1

Your spell library contained the following spells:

 Spells                   Type           Power      Damage    Failure   Level
 Animate Skeleton         Necr           16%        N/A       90%         1
 Apportation              Tloc           2%         N/A       99%         1
 Beastly Appendage        Tmut           2%         N/A       99%         1
 Freeze                   Ice            4%         1d3       99%         1
 Magic Dart               Conj           4%         1d3       99%         1
 Shock                    Conj/Air       4%         1d3       99%         1
 Slow                     Hex            4%         N/A       99%         1
 Sting                    Tmut/Pois      4%         1d3       99%         1
 Summon Small Mammal      Summ           4%         N/A       99%         1
 Corpse Rot               Necr/Air       8%         N/A       99%         2
 Vampiric Draining        Necr           8%         2d6       99%         3
 Call Imp                 Summ           1%         N/A       100%        2
 Ensorcelled Hibernation  Hex/Ice        2%         N/A       100%        2
 Poisonous Vapours        Pois/Air       2%         N/A       100%        2
 Scorch                   Fire           2%         2d5       100%        2
 Static Discharge         Conj/Air       1%         N/A       100%        2
 Wereblood                Tmut           1%         N/A       100%        2
 Call Canine Familiar     Summ           1%         N/A       100%        3
 Dazzling Flash           Conj/Hex       2%         N/A       100%        3
 Gell's Gravitas          Tloc           1%         N/A       100%        3
 Ignite Poison            Fire/Tmut/Pois 1%         N/A       100%        3
 Inner Flame              Hex/Fire       1%         N/A       100%        3
 Lesser Beckoning         Tloc           1%         N/A       100%        3
 Mephitic Cloud           Conj/Pois/Air  1%         N/A       100%        3
 Ozocubu's Armour         Ice            1%         N/A       100%        3
 Portal Projectile        Hex/Tloc       2%         N/A       100%        3
 Spider Form              Tmut/Pois      1%         N/A       100%        3
 Summon Guardian Golem    Hex/Summ       1%         N/A       100%        3
 Teleport Other           Tloc           1%         N/A       100%        3
 Tukima's Dance           Hex            1%         N/A       100%        3
 Airstrike                Air            0%         N/A       100%        4
 Anguish                  Hex/Necr       2%         N/A       100%        4
 Animate Armour           Summ/Erth      2%         N/A       100%        4
 Animate Dead             Necr           4%         N/A       100%        4
 Cause Fear               Hex            0%         N/A       100%        4
 Dispel Undead            Necr           8%         3d8       100%        4
 Flame Wave               Conj/Fire      1%         2d4       100%        4
 Fulminant Prism          Conj/Hex       0%         3d6       100%        4
 Ice Form                 Ice/Tmut       1%         N/A       100%        4
 Iskenderun's Mystic Bla  Conj/Tloc      1%         2d3       100%        4
 Leda's Liquefaction      Hex/Erth       0%         N/A       100%        4
 Olgreb's Toxic Radiance  Pois           1%         N/A       100%        4
 Passage of Golubria      Tloc           1%         N/A       100%        4
 Summon Lightning Spire   Summ/Air       1%         N/A       100%        4
 Agony                    Necr           8%         N/A       100%        5
 Alistair's Intoxication  Tmut/Pois      0%         N/A       100%        5
 Blade Hands              Tmut           0%         N/A       100%        5
 Borgnjor's Vile Clutch   Necr/Erth      2%         N/A       100%        5
 Excruciating Wounds      Necr           4%         N/A       100%        5
 Fireball                 Conj/Fire      0%         3d3       100%        5
 Freezing Cloud           Conj/Ice/Air   0%         6-21      100%        5
 Iskenderun's Battlesphe  Conj           1%         2d6       100%        5
 Lee's Rapid Deconstruct  Erth           0%         3d5*      100%        5
 Lightning Bolt           Conj/Air       0%         1d11      100%        5
 Manifold Assault         Tloc           1%         N/A       100%        5
 Metabolic Englaciation   Hex/Ice        0%         N/A       100%        5
 Silence                  Hex/Air        0%         N/A       100%        5
 Summon Forest            Summ/Tloc      0%         N/A       100%        5
 Summon Mana Viper        Hex/Summ       1%         N/A       100%        5
 Conjure Ball Lightning   Conj/Air       0%         3x3d6     100%        6
 Death Channel            Necr           4%         N/A       100%        6
 Dispersal                Tloc           0%         N/A       100%        6
 Eringya's Noxious Bog    Tmut/Pois      0%         N/A       100%        6
 Iron Shot                Conj/Erth      0%         9d1       100%        6
 Simulacrum               Ice/Necr       2%         N/A       100%        6
 Starburst                Conj/Fire      0%         6d3       100%        6
 Summon Cactus Giant      Summ           0%         N/A       100%        6
 Enfeeble                 Hex            0%         N/A       100%        7
 Orb of Destruction       Conj           0%         9d5       100%        7
 Ozocubu's Refrigeration  Ice            0%         4d5       100%        7
 Spellforged Servitor     Conj/Summ      0%         N/A       100%        7
 Storm Form               Tmut/Air       0%         N/A       100%        7
 Summon Hydra             Summ           0%         N/A       100%        7
 Discord                  Hex            0%         N/A       100%        8
 Disjunction              Tloc           0%         N/A       100%        8
 Ignition                 Fire           0%         3d3       100%        8
 Lehudib's Crystal Spear  Conj/Erth      0%         10d2      100%        8
 Maxwell's Capacitive Co  Air            0%         ∞         100%        8
 Blink                    Tloc           Unusable   N/A       N/A         2
 Swiftness                Air            Unusable   N/A       N/A         3

Dungeon Overview and Level Annotations

Branches:
Dungeon (15/15)            Temple (1/1) D:6            Lair (6/6) D:11
  Swamp (4/4) Lair:2        Snake (4/4) Lair:3        Slime (5/5) Lair:6
    Orc (2/2) D:12            Elf (3/3) Orc:2        Vaults (4/5) D:14
  Crypt (0/3) Vaults:2     Depths (4/4) D:15            Zot (5/5) Depths:4

Altars:
Ashenzari
Cheibriados
Dithmenos
Elyvilon
Fedhas
Gozag
Hepliaklqana
Kikubaaqudgha
Makhleb
Nemelex Xobeh
Okawaru
Qazlal
Ru
Sif Muna
Trog
Uskayaw
Vehumet
Wu Jian
Xom
Yredelemnul
Zin
The Shining One
Lugonu

Shops:
D:4 :   D:5 **   D:10 (   D:11 (   D:15 *[(   Orc:2 :?!*((   Elf:2 :[   Elf:3 *
Snake:1 (=   Vaults:4 [   Zot:2 *   Depths:2 *

Portals:
Hell: Depths:1 Depths:2 Depths:3 Depths:4
Abyss: Depths:3
Pandemonium: Depths:2
Ziggurat: Depths:3

Annotations:
D:15 2 transporters
Swamp:4 2 runed translucent doors, Dune's ghost, adept MiBe
Snake:3 6 transporters, 3 runed translucent doors, Liforeniyw's ghost, adept MiBe
Elf:1 1 runed translucent door
Elf:2 3 runed translucent doors
Vaults:3 2 transporters, exclusion: obsidian statue
Depths:2 1 runed translucent door


Innate Abilities, Weirdness & Mutations

You cannot be hasted, slowed, berserked, paralysed or teleported.
You can dig through walls and to a lower floor.
You have a pair of large antennae on your head. (SInv)
Your four strong arms can wield two-handed weapons with a shield.
You have sharp fingernails.
You are partially covered in iridescent scales. (AC +2)
You are clumsy. (Dex -2)
Your body often deteriorates upon taking damage.
You are very dopey. (Int -4)
You are frail. (-10% HP)
Your magical capacity is low. (-10% MP)
You occasionally shout uncontrollably at your foes.
You are weak. (Str -2)
Your spells are a little harder to cast, but a little more powerful.


Message History

You start resting.
You sense a monster nearby.
Unknown command.
You start resting.
You sense a monster nearby.
You start resting.
You feel a little less mighty now.
An ice devil comes into view.
Unknown command.
Unknown command.
You barely miss the ice devil. You block the ice devil's attack.
You slice the ice devil!!
The ice devil is heavily wounded.
You slice the ice devil!!
You kill the ice devil!
Qazlal accepts your kill.
You start resting.
An Orb Guardian comes into view.
You climb upwards.
There is a stone staircase leading down here.
(D) Dungeon (T) Temple (L) Lair (S) Swamp (P) Snake Pit (M) Slime Pits (O) Orcish Mines (E) Elven Halls (V) Vaults (C) Crypt (U) Depths (H) Hell (Z) Zot
Where to? (Enter - D:1, ? - help)
There is a stone staircase leading up here.
You climb upwards.
There is a stone staircase leading down here.
HP restored.
You sense a monster nearby.
Unknown command.
A glowing orange brain comes into view.
The glowing orange brain pulsates.
The glowing orange brain radiates an aura of fear!
You resist with some effort.
There is a stone staircase leading up here.
You climb upwards.
There is a stone staircase leading down here.
(D) Dungeon (T) Temple (L) Lair (S) Swamp (P) Snake Pit (M) Slime Pits (O) Orcish Mines (E) Elven Halls (V) Vaults (C) Crypt (U) Depths (H) Hell (Z) Zot
Where to? (Enter - D:1, ? - help) You're already here!
There is an open door here.
There is an open door here.
You see here a +0 short sword.
You sense a monster nearby.
There is a staircase leading out of the dungeon here.
You have escaped!

.# #.##.# #.#######..# ##...##
.###.##.####.#.....#..# ##)##
........##.........#.## #.#
.###.#####.#####...#.# #.#
.###.# #{#..>#...#.######.####
.....# #.#.#.....#.........#.#
..#### #.#.#####.#.........#.#
..# #.#.....#.#.........#.# ###
##.#...#@..#.........###
#..#...#####......#.#####
#..#.........####........
#..#.....#.### ##.######
#..#######..# #.#...P#
########...........# #.#....#
#........##.######.######.#.P..#
#.##.######.######...)....######
##.##.# #.......#.#####..# #


There were no monsters in sight!

Vanquished Creatures
  the Royal Jelly (Slime:5)
  A seraph (D:11)
  6 dread liches
  11 orbs of fire
  3 Killer Klowns (Zot:5)
  Saint Roka (Elf:2)
  Vashnia (Snake:3)
  A curse toe (Zot:2)
  8 golden dragons
  A bone dragon (Depths:4)
  A Tzitzimitl (D:4)
  2 electric golems (Zot:5)
  Jorgrun (Snake:2)
  Rupert (D:14)
  27 Orb Guardians
  18 tentacled monstrosities
  An Ice Fiend (Zot:5)
  Asterion (Elf:2)
  3 deep elf blademasters
  A deep elf master archer (Elf:3)
  The ghost of Zoigrime the Blocker, an adept FoFi of Jiyva (Swamp:2)
  9 quicksilver dragons
  Kirke (Swamp:4)
  24 acid blobs
  2 sphinxes
  6 death cobs
  14 storm dragons
  6 shadow dragons
  5 draconian monks
  9 azure jellies
  A revenant (Vaults:2)
  6 fire giants
  6 draconian knights
  2 fenstrider witches
  4 tengu reavers
  The ghost of Xuhaf the Warrior, an adept DjFi of Wu Jian (D:14)
  8 nagarajas
  10 rockslimes
  7 deep elf sorcerers (Elf:3)
  4 frost giants
  11 vault wardens
  4 balrugs
  5 draconian scorchers
  2 iron dragons
  5 ghost moths
  9 draconian shifters
  Aizul (Elf:2)
  2 deep elf elementalists (Elf:3)
  2 angels (D:11)
  9 draconian stormcallers
  5 orc warlords
  10 stone giants
  10 quicksilver oozes
  A draconian annihilator (Depths:3)
  2 spriggan defenders
  11 ironbound preservers
  8 ironbound thunderhulks
  5 deep elf demonologists (Elf:3)
  Nessos (D:14)
  8 very ugly things
  9 deep elf annihilators
  A lorocyproca (D:8)
  8 black draconians
  Azrael (Snake:3)
  9 red draconians
  8 dire elephants (Vaults:1)
  7 yellow draconians
  12 white draconians
  5 spark wasps
  6 eleionomae
  An entropy weaver (Vaults:2)
  9 purple draconians
  2 bunyips
  12 green draconians
  Snorg (Orc:2)
  4 ettins
  6 deep elf death magi (Elf:3)
  2 jiangshi (Depths:1)
  Fannar (D:12)
  13 yaktaur captains
  5 fire dragons
  12 great orbs of eyes
  8 deep elf high priests
  3 shambling mangroves
  6 vault guards
  29 hydras
  A rakshasa (Depths:3)
  Erolcha (D:13)
  2 salamander tyrants (Snake:4)
  24 naga warriors
  2 ice dragons
  A hell beast (Zot:1)
  11 boulder beetles
  12 ironbound frosthearts
  2 catoblepae
  5 ogre magi
  4 spriggan air magi
  A ghost crab (Swamp:4)
  7 anacondas
  12 centaur warriors
  A death knight (D:15)
  6 alligators
  23 two-headed ogres
  19 dancing weapons
  10 death yaks
  11 deep troll shamans
  13 tengu warriors
  5 hell hogs
  9 spriggan berserkers
  5 deep troll earth magi
  14 hell knights
  14 naga sharpshooters
  Urug (Lair:6)
  A vampire mage (Depths:1)
  12 sun demons
  12 shock serpents
  4 soul eaters (Depths:1)
  10 deep elf knights
  2 sixfirhies
  A shadow wraith (Vaults:4)
  A fire crab (Lair:5)
  A skeletal warrior (Vaults:2)
  A fire crab (shapeshifter) (D:15)
  6 goliath frogs
  10 iron trolls
  6 salamander mystics
  A deep troll (shapeshifter) (Depths:2)
  3 spriggan druids
  9 sea snakes (Snake:2)
  4 glowing orange brains
  5 naga ritualists
  57 deep trolls
  13 swamp dragons
  12 wizards
  2 death drakes (Depths:3)
  11 deep elf archers
  15 ironbound convokers
  15 lindwurms
  5 necromancers
  6 bog bodies
  A phantasmal warrior (Vaults:2)
  5 harpies (Vaults:1)
  18 deep elf pyromancers
  23 deep elf zephyrmancers
  7 manticores
  36 ugly things
  20 orc knights
  A wolf spider (D:15)
  3 will-o-the-wisps
  19 mana vipers
  8 cyclopes
  2 orc sorcerers
  6 shining eyes
  22 moths of wrath
  27 salamanders
  A human skeleton (Vaults:3)
  18 elephants
  11 naga magi
  21 vault sentinels
  A frost giant skeleton (Vaults:3)
  26 black mambas
  5 guardian serpents
  A torpor snail (Lair:2)
  2 gargoyles
  5 smoke demons
  An elf skeleton (Vaults:3)
  15 cane toads
  37 yaktaurs
  2 freezing wraiths (D:15)
  3 efreet
  5 rime drakes
  Psyche (D:8)
  4 unseen horrors
  A komodo dragon (shapeshifter) (D:12)
  6 tengu conjurers
  7 komodo dragons
  A shadow dragon simulacrum (Vaults:3)
  2 ice devils
  7 trolls
  2 bloated husks
  A polar bear (shapeshifter) (D:15)
  6 tyrant leeches
  4 polar bears
  9 blink frogs
  17 hornets
  15 dream sheep
  82 slime creatures
  An air elemental (Elf:1)
  A shadow (D:11)
  21 spriggans
  36 yaks
  A wraith (Vaults:2)
  A spriggan (shapeshifter) (D:15)
  3 water elementals
  3 basilisks
  16 humans
  5 wyverns
  6 golden eyes (Slime:4)
  A steam dragon (Lair:5)
  4 fire elementals
  3 hogs (Swamp:4)
  24 vampire mosquitoes
  Menkaure (D:5)
  3 wargs
  3 hell hounds (Snake:3)
  22 swamp worms
  An acid dragon (D:12)
  6 floating eyes
  62 nagas
  21 water moccasins
  8 swamp drakes
  5 black bears (Lair:6)
  2 sky beasts
  A hornet zombie (D:7)
  18 orc warriors
  3 ice beasts (D:6)
  32 ogres
  2 necrophages
  36 wolves
  9 centaurs
  9 boggarts
  3 phantoms
  3 kobold brigands
  9 bullfrogs
  2 earth elementals
  4 scorpions
  A water moccasin skeleton (D:7)
  15 killer bees
  10 electric eels
  9 howler monkeys
  6 centaur zombies
  A lava snake (Snake:2)
  A hound (D:6)
  A gnoll shaman (D:7)
  2 bullfrog skeletons
  7 orc priests
  7 jellies
  2 iguanas
  A scorpion zombie (D:4)
  22 orc wizards
  4 hell rats (Lair:1)
  A howler monkey zombie (D:7)
  12 gnolls
  3 adders
  13 river rats (Lair:1)
  A shadow imp (D:7)
  3 white imps
  An adder skeleton (D:4)
  2 worms
  74 orcs
  4 bats
  8 endoplasms
  4 giant cockroaches
  8 goblins
  5 hobgoblins
  4 jackals (D:3)
  29 kobolds
  8 quokkas
  3 training dummies (Orc:2)
  5 ball pythons
  4 frilled lizards
  10 rats
  A butterfly (Lair:6)
2148 creatures vanquished.

Vanquished Creatures (collateral kills)
  Nikola (Snake:1)
  A spriggan defender (Depths:2)
  Louise (Swamp:3)
  A catoblepas (Lair:6)
  A deep troll (Depths:2)
  3 yaks (Lair:6)
  An orc (Elf:2)
9 creatures vanquished.

Vanquished Creatures (others)
  A fire giant (Depths:3)
  A draconian scorcher (Zot:1)
  A deep elf annihilator (Elf:3)
  A naga sharpshooter (Snake:3)
  2 deep elf knights
  A salamander mystic (Snake:1)
  3 lindwurms
  A deep elf zephyrmancer (Elf:1)
  A mana viper (Snake:1)
  A deep elf pyromancer (Elf:3)
  A naga mage (Snake:3)
  A bloated husk (Swamp:3)
  A naga (Snake:3)
  2 bushes (Lair:4)
  6 foxfires
  42 fungi
  99 plants
165 creatures vanquished.

Grand Total: 2322 creatures vanquished

Notes
Turn   | Place    | Note
-------+----------+-------------------------------------------
     0 | D:1      | maxonian the Formicid Wanderer began the quest for the Orb.
     0 | D:1      | maxonian set off with the following items: a +0 hand
                  | crossbow, 24 bolts, a +0 pair of boots, a +0 leather
                  | armour; and the following spell memorised: Pain; and the
                  | following spells available to memorise: Animate Dead,
                  | Anguish
     0 | D:1      | Reached XP level 1. HP: 15/15 MP: 2/2
   201 | D:1      | Found a faded altar of an unknown god.
   335 | D:1      | Reached XP level 2. HP: 21/21 MP: 3/3
   690 | D:1      | Reached skill level 1 in Stealth
   955 | D:1      | Reached XP level 3. HP: 25/26 MP: 5/5
  2203 | D:3      | Reached skill level 1 in Armour
  2249 | D:3      | Found a radiant altar of Vehumet.
  2258 | D:3      | Reached XP level 4. HP: 31/33 MP: 6/6
  2839 | D:3      | Identified the +7 hand axe "Uleusad" {protect, rElec MP+9
                  | Dex+7 Stlth-}
  2964 | D:3      | Reached skill level 1 in Axes
  2964 | D:3      | Reached XP level 5. HP: 39/39 MP: 7/7
  3313 | D:3      | Found a hazy altar of Hepliaklqana.
  3319 | D:3      | Found a faded altar of an unknown god.
  3474 | D:4      | Reached skill level 1 in Shields
  3487 | D:4      | Reached XP level 6. HP: 47/47 MP: 8/8
  3637 | D:4      | Found Ozyulohy's Self-Improvement Boutique.
  3693 | D:4      | Found an ornate altar of the Wu Jian Council.
  3928 | D:4      | Identified the +2 leather armour of Caesm {rC+}
  4160 | D:5      | Entered Level 5 of the Dungeon
  4161 | D:5      | Found a basalt altar of Yredelemnul.
  4260 | D:5      | Reached XP level 7. HP: 37/53 MP: 9/9
  4420 | D:5      | Noticed a water moccasin
  4431 | D:5      | Killed a water moccasin
  4449 | D:5      | Found Jicviugh's General Store.
  4449 | D:5      | Found Emicey's Specific Store.
  4464 | D:5      | Bought a potion of heal wounds for 65 gold pieces
  4724 | D:5      | Reached XP level 8. HP: 61/61 MP: 10/10
  4745 | D:5      | Noticed Menkaure
  4763 | D:5      | Killed Menkaure
  4764 | D:5      | Reached skill level 5 in Axes
  5270 | D:5      | Reached skill level 5 in Fighting
  5505 | D:6      | Found an opulent altar of Gozag.
  5895 | D:6      | Reached skill level 5 in Shields
  5965 | D:6      | Identified the +9 long sword of Jepuw {drain, rElec Int-4
                  | Dex+3}
  6083 | D:6      | Reached XP level 9. HP: 69/69 MP: 11/11
  6118 | D:6      | Found a staircase to the Ecumenical Temple.
  6127 | Temple   | Entered the Ecumenical Temple
  6187 | Temple   | Became a worshipper of Qazlal Stormbringer
  6261 | D:6      | Found a blossoming altar of Fedhas.
  6263 | D:6      | Identified the +0 dagger of Ighal {flame, rC++}
  7073 | D:7      | Reached * piety under Qazlal
  7253 | D:7      | Reached XP level 10. HP: 67/79 MP: 12/12
  7785 | D:8      | Noticed Psyche
  8150 | D:8      | Found a shimmering altar of Xom.
  8225 | D:9      | Reached ** piety under Qazlal
  8546 | D:9      | Reached skill level 1 in Invocations
  8699 | D:9      | Reached skill level 10 in Axes
  8699 | D:9      | Reached skill level 2 in Invocations
  8892 | D:10     | Entered Level 10 of the Dungeon
  9075 | D:10     | Noticed a two-headed ogre
  9081 | D:10     | Killed a two-headed ogre
  9082 | D:10     | Reached skill level 3 in Invocations
  9249 | D:10     | Noticed a manticore
  9285 | D:10     | Killed a manticore
  9286 | D:10     | Reached skill level 4 in Invocations
  9530 | D:10     | Reached XP level 11. HP: 79/87 MP: 8/14
  9555 | D:10     | Reached skill level 5 in Invocations
  9575 | D:10     | Found Jeyxkueb's Antique Weapon Shop.
  9617 | D:10     | Bought a glowing broad axe for 126 gold pieces
  9815 | D:11     | Noticed a centaur warrior
  9824 | D:11     | Killed a centaur warrior
  9825 | D:11     | Reached skill level 6 in Invocations
  9842 | D:11     | Noticed a two-headed ogre
  9843 | D:11     | Noticed a death yak
 10069 | D:8      | Found an iron altar of Okawaru.
 10145 | D:8      | Found an ancient bone altar of Kikubaaqudgha.
 10201 | D:8      | Reached skill level 7 in Invocations
 10518 | D:8      | Killed Psyche
 10662 | D:8      | Found a sparkling altar of Nemelex Xobeh.
 10787 | D:10     | Killed a death yak
 10971 | D:11     | Found Vasm's Weapon Shoppe.
 11036 | D:11     | Reached skill level 8 in Invocations
 11279 | D:11     | Noticed a death yak
 11304 | D:11     | Killed a death yak
 11305 | D:11     | Reached XP level 12. HP: 40/97 MP: 18/18
 11549 | D:11     | Noticed a death yak
 11567 | D:11     | Killed a death yak
 11579 | D:11     | Reached skill level 9 in Invocations
 11628 | D:11     | Reached *** piety under Qazlal
 11662 | D:11     | Found a staircase to the Lair.
 11695 | D:11     | Killed a two-headed ogre
 11696 | D:11     | Reached skill level 10 in Fighting
 12102 | D:11     | You fall into a shaft and drop 1 floor!
 12111 | D:12     | Found a broken altar of Ashenzari.
 12128 | D:12     | Noticed a catoblepas
 12138 | D:12     | Noticed a catoblepas
 12159 | D:12     | You fall into a shaft and drop 3 floors!
 12159 | D:15     | Entered Level 15 of the Dungeon
 12159 | D:15     | Noticed a vault guard
 12159 | D:15     | Noticed a great orb of eyes
 12170 | D:15     | Killed a vault guard
 12585 | D:14     | Noticed a two-headed ogre
 12585 | D:14     | Noticed Nessos
 12585 | D:14     | Found a gate to the Vaults.
 12682 | D:12     | Reached skill level 10 in Invocations
 12847 | D:13     | Noticed Erolcha
 12872 | D:12     | Killed a catoblepas
 12897 | D:12     | Noticed a boulder beetle
 12915 | D:12     | Killed a boulder beetle
 13263 | D:12     | Found a portal to a secret trove of treasure.
 13280 | D:12     | Noticed a boulder beetle
 13360 | D:12     | Identified the +7 mace of Dismemberment {venom, Int+5}
 13704 | Lair:1   | Entered Level 1 of the Lair of Beasts
 13704 | Lair:1   | Noticed a seven-headed hydra
 13788 | Lair:1   | Killed a five-headed hydra
 14147 | Lair:1   | Reached XP level 13. HP: 105/105 MP: 20/20
 14174 | Lair:1   | Noticed a seven-headed hydra
 14184 | Lair:1   | Killed a five-headed hydra
 14185 | Lair:1   | Reached skill level 5 in Evocations
 14438 | Lair:1   | Noticed a five-headed hydra
 14443 | Lair:1   | Killed a four-headed hydra
 14760 | Lair:1   | Identified the +1 spear "Plog" {vorpal, rC+}
 16005 | Lair:2   | Noticed an eight-headed hydra
 16033 | Lair:2   | Killed a five-headed hydra
 16399 | Lair:2   | Reached skill level 5 in Armour
 16835 | Lair:2   | Found a staircase to the Swamp.
 16947 | Lair:2   | Noticed a boulder beetle
 16968 | Lair:2   | Killed a boulder beetle
 17366 | Lair:2   | Noticed an eight-headed hydra
 17377 | Lair:2   | Killed a seven-headed hydra
 17905 | Lair:3   | Reached skill level 10 in Shields
 17909 | Lair:3   | Noticed a six-headed hydra
 17918 | Lair:3   | Killed a four-headed hydra
 18028 | Lair:3   | Found a staircase to the Snake Pit.
 18841 | Lair:3   | Reached XP level 14. HP: 114/114 MP: 21/21
 19685 | Lair:4   | Found the +14 obsidian axe {vorpal, Mesm Drain Fly SInv}
 19854 | Lair:4   | Reached **** piety under Qazlal
 20824 | Lair:5   | Reached skill level 11 in Invocations
 22055 | Lair:6   | Entered Level 6 of the Lair of Beasts
 22063 | Lair:6   | Noticed Urug
 22286 | Lair:6   | Reached skill level 12 in Invocations
 22327 | Lair:6   | Killed Urug
 22463 | Lair:6   | Identified the +8 arbalest of Tuocluan {vorpal, Str+2}
 22482 | Lair:6   | Reached XP level 15. HP: 74/122 MP: 24/24
 23144 | Lair:6   | Reached skill level 15 in Axes
 23605 | Lair:6   | Found a staircase to the Slime Pits.
 23629 | Lair:6   | Reached ***** piety under Qazlal
 23636 | Lair:6   | Reached skill level 13 in Invocations
 24750 | Snake:1  | Entered Level 1 of the Snake Pit
 25199 | Snake:1  | Reached skill level 14 in Invocations
 26232 | Snake:1  | Noticed Nikola
 26243 | Snake:1  | Killed Nikola
 26304 | Snake:1  | Found Runoolif's Jewellery Shoppe.
 26304 | Snake:1  | Found Waupsad's Weapon Emporium.
 27207 | Snake:2  | Reached XP level 16. HP: 128/132 MP: 26/26
 27995 | Snake:2  | Noticed Jorgrun
 28082 | Snake:2  | Killed Jorgrun
 28083 | Snake:2  | Reached skill level 15 in Invocations
 28659 | Snake:2  | Identified the +8 ring mail of the Volcano {+Inv}
 30404 | Snake:2  | Reached skill level 16 in Invocations
 30696 | Snake:2  | You fall into a shaft and drop 1 floor!
 31306 | Snake:3  | Identified the +11 hunting sling "Ant's Regret" {venom,
                  | Contam +Blink rC+ rCorr}
 31982 | Snake:3  | Reached XP level 17. HP: 123/140 MP: 29/29
 33196 | Snake:3  | Reached skill level 17 in Invocations
 33535 | Snake:3  | Found a transporter.
 33582 | Snake:3  | Noticed Azrael
 33773 | Snake:3  | Killed Azrael
 33786 | Snake:3  | Identified the +4 scimitar of the Shark {drain, rF+ rC+
                  | rCorr}
 33833 | Snake:3  | Reached skill level 15 in Fighting
 33848 | Snake:3  | Found a transporter.
 33864 | Snake:3  | Found a transporter.
 33871 | Snake:3  | Found a transporter.
 33896 | Snake:3  | Found a transporter.
 34114 | Snake:3  | Noticed Vashnia
 34429 | Snake:3  | Killed Vashnia
 34657 | Snake:3  | Found a runed translucent gate.
 34657 | Snake:3  | Found a runed translucent gate.
 34657 | Snake:3  | Found a runed translucent gate.
 34658 | Snake:3  | Noticed Liforeniyw's ghost (adept MiBe)
 34658 | Snake:3  | Noticed Liforeniyw's ghost (adept MiBe)
 34699 | Snake:3  | Found a transporter.
 34874 | Snake:4  | Entered Level 4 of the Snake Pit
 37950 | Snake:4  | Reached XP level 18. HP: 123/150 MP: 30/30
 38225 | Snake:4  | Reached skill level 10 in Armour
 39975 | Snake:4  | Got a serpentine rune of Zot
 40525 | D:12     | Noticed Fannar
 40651 | D:12     | Killed Fannar
 40698 | D:12     | Found a staircase to the Orcish Mines.
 41633 | D:13     | Killed Erolcha
 42140 | D:13     | Reached skill level 15 in Shields
 42627 | D:14     | Killed Nessos
 42729 | D:14     | Reached skill level 5 in Crossbows
 42850 | D:14     | Found a runed translucent gate.
 42857 | D:14     | Found a runed translucent gate.
 42857 | D:14     | Found a runed translucent gate.
 42859 | D:14     | Noticed Xuhaf's ghost (adept DjFi)
 43113 | D:14     | Identified a scroll of acquirement
 43114 | D:14     | Acquired a +2 executioner's axe of electrocution
 43129 | D:14     | Noticed Rupert
 43133 | D:14     | Killed Rupert
 43312 | D:14     | Identified the +8 falchion "Fudghyf" {vorpal, Str+2}
 43517 | D:14     | Killed Xuhaf's ghost
 43641 | D:14     | Identified the +1 broad axe "Itsakupt" {protect, rN+ Str-5
                  | Int+4}
 43654 | D:14     | Identified the +8 whip of Red Wine {protect, rN+ Str+2
                  | Dex+2}
 43736 | D:15     | Found a transporter.
 43801 | D:15     | Found Ceyzuq's Weapon Emporium.
 43811 | D:15     | Reached XP level 19. HP: 150/158 MP: 31/31
 43959 | D:15     | Identified the ring of Yber {Will+ rCorr}
 43989 | D:15     | Found a transporter.
 44219 | D:15     | Identified the +0 scale mail of Benevolence {Str+4 Int+3}
 44482 | D:15     | Found a staircase to the Depths.
 44490 | D:15     | Identified the +5 whip "Gabbulub" {holy, rPois Int-2 Dex+6}
 44523 | D:15     | Found Iczeegicre's General Store.
 44541 | D:15     | Bought a scroll of identify for 30 gold pieces
 44541 | D:15     | Bought a scroll of teleportation for 45 gold pieces
 44541 | D:15     | Bought a scroll of magic mapping for 52 gold pieces
 44875 | D:15     | Identified the ring "Tostia" {rF+ Will+ MP+9}
 45225 | D:15     | Identified the ring "Amichoef" {AC+4 Dex+4}
 45280 | D:15     | Found Ofeggela's Armour Emporium.
 45709 | Swamp:1  | Entered Level 1 of the Swamp
 46901 | Swamp:2  | Reached skill level 10 in Crossbows
 47648 | Swamp:2  | Found a runed translucent door.
 47649 | Swamp:2  | Noticed Zoigrime's ghost (adept FoFi)
 48144 | Swamp:3  | Noticed Louise
 48173 | Swamp:3  | Killed Louise
 48743 | Swamp:4  | Entered Level 4 of the Swamp
 49004 | Swamp:4  | Reached XP level 20. HP: 139/170 MP: 32/32
 49010 | Swamp:4  | Noticed Kirke
 49101 | Swamp:4  | Killed Kirke
 50913 | Swamp:4  | Found a large runed translucent door.
 50913 | Swamp:4  | Found a large runed translucent door.
 50916 | Swamp:4  | Noticed Dune's ghost (adept MiBe)
 51090 | Swamp:4  | Got a decaying rune of Zot
 51438 | Orc:1    | Entered Level 1 of the Orcish Mines
 52085 | Orc:2    | Entered Level 2 of the Orcish Mines
 52098 | Orc:2    | Reached ****** piety under Qazlal
 52266 | Orc:2    | Found Beile's Firing Range.
 52352 | Orc:2    | Noticed Snorg
 52361 | Orc:2    | Killed Snorg
 52734 | Orc:2    | Found Utomug's Distillery.
 52740 | Orc:2    | Found a staircase to the Elven Halls.
 52829 | Orc:2    | Bought a potion of curing for 54 gold pieces
 52829 | Orc:2    | Bought a potion of curing for 54 gold pieces
 52829 | Orc:2    | Bought a potion of curing for 54 gold pieces
 53074 | Orc:2    | Found Gummoh's Antique Weapon Emporium.
 53074 | Orc:2    | Found Viuxziz's Magic Scroll Boutique.
 53075 | Orc:2    | Found Xafekeba's Assorted Antiques.
 53075 | Orc:2    | Found Keikomox's Book Shoppe.
 53083 | Orc:2    | Bought a scroll of identify for 70 gold pieces
 53087 | Orc:2    | Bought a scroll of identify for 28 gold pieces
 53087 | Orc:2    | Bought a scroll of identify for 28 gold pieces
 53089 | Orc:2    | Bought a scroll of summoning for 133 gold pieces
 53089 | Orc:2    | Bought 3 scrolls of fear for 147 gold pieces
 53540 | Orc:2    | Bought a runed executioner's axe for 338 gold pieces
 53964 | Snake:1  | Bought the ring of Zeyrazub {*Corrode +Blink rElec rF+
                  | MP-9} for 400 gold pieces
 54160 | Vaults:1 | Entered Level 1 of the Vaults
 54543 | Vaults:1 | Acquired the amulet "Xoampeck" {Rampage rC- Regen+ Str+9
                  | Int+4}
 54960 | Vaults:1 | Reached XP level 21. HP: 146/180 MP: 24/33
 55082 | Vaults:1 | Reached skill level 15 in Crossbows
 56336 | Vaults:2 | Got the Tome of Torrid Calling
 57429 | Vaults:2 | Found a staircase to the Crypt.
 58733 | Vaults:2 | Reached XP level 22. HP: 142/190 MP: 25/34
 59200 | Vaults:3 | Found a transporter.
 59211 | Vaults:3 | Found a transporter.
 62048 | Vaults:4 | Found Vellupo's Antique Armour Shop.
 62055 | Vaults:4 | Bought a pair of embroidered boots for 300 gold pieces
 62850 | Elf:1    | Entered Level 1 of the Elven Halls
 62850 | Elf:1    | Found a runed translucent gate.
 62850 | Elf:1    | Found a runed translucent gate.
 62850 | Elf:1    | Found a runed translucent gate.
 62850 | Elf:1    | Found a runed translucent gate.
 62850 | Elf:1    | Found a runed translucent gate.
 62850 | Elf:1    | Found a runed translucent gate.
 62857 | Elf:1    | Found a runed translucent door.
 62869 | Elf:1    | Found a runed translucent door.
 63088 | Elf:1    | Reached skill level 15 in Armour
 63112 | Elf:1    | Reached XP level 23. HP: 157/198 MP: 26/35
 63444 | Elf:1    | Identified the +2 helmet of Defiance {rPois rN+ MP-9}
 64635 | Elf:2    | Found Utiema's Book Shoppe.
 65048 | Elf:2    | Noticed Saint Roka
 65056 | Elf:2    | Killed Saint Roka
 65293 | Elf:2    | Found a runed translucent gate.
 65295 | Elf:2    | Found a runed translucent gate.
 65295 | Elf:2    | Found a runed translucent gate.
 65528 | Elf:2    | Found Huf Wisch's Antique Armour Boutique.
 65539 | Elf:2    | Bought a glowing cloak for 285 gold pieces
 65728 | Elf:3    | Entered Level 3 of the Elven Halls
 65912 | Elf:3    | Found Giocwuri's Assorted Antiques.
 65926 | Elf:3    | Bought a potion of might for 116 gold pieces
 66903 | Elf:3    | Identified the +3 flail of Vaibug {venom, *Rage rF+ rC+}
 66903 | Elf:3    | Identified the +2 leather armour of Heresy {rN+}
 67204 | Elf:3    | Noticed Asterion
 67332 | Elf:2    | Killed Asterion
 69528 | Elf:3    | Identified the +7 halberd of Peace {flame, Will+ Stlth+}
 69528 | Elf:3    | Identified the ring of Eropeh {rElec Will+ SInv}
 69608 | Elf:3    | Noticed Aizul
 69753 | Elf:2    | Killed Aizul
 70168 | Elf:3    | Identified the ring "Rukhliurr" {+Blink rElec rF+ rCorr}
 70480 | Elf:3    | Got the Grimoire of Icy Curses
 71170 | Swamp:2  | Killed Zoigrime's ghost
 71175 | Swamp:2  | Identified the +6 lajatang "Huyk" {vamp, rPois rC+ Dex-5}
 71499 | Depths:1 | Entered Level 1 of the Depths
 71769 | D:15     | Reached XP level 24. HP: 186/204 MP: 35/35
 72836 | Depths:1 | Found a gateway to Hell.
 73698 | Depths:2 | Found Ymulocaff's Elemental Accessories.
 74322 | Elf:3    | Bought a condenser vane for 1160 gold pieces
 76170 | Depths:2 | Found a runed translucent door.
 76170 | Depths:2 | Noticed a dread lich
 76444 | Depths:2 | Found a one-way gate leading to the halls of Pandemonium.
 76545 | Depths:2 | Found a runed translucent door.
 76671 | Depths:2 | Killed a dread lich
 76674 | Depths:2 | Identified the +1 dagger "Demonslayer" {venom, Fly rF+
                  | Will+ Stlth-}
 76789 | Depths:3 | Noticed a golden dragon
 76796 | Depths:3 | Killed a golden dragon
 76804 | Depths:3 | Found a flickering gateway to a bazaar.
 76837 | Bazaar   | Entered a bazaar
 76841 | Bazaar   | Found Orghitt's Jewellery Boutique.
 76849 | Bazaar   | Found Pakkaezu's Antique Armour Boutique.
 76860 | Bazaar   | Found Veoda's Antique Weapon Emporium.
 76871 | Bazaar   | Found Weosank's Distillery.
 76879 | Bazaar   | Found Narhut Jiat's General Store.
 76893 | Bazaar   | Bought a scroll of enchant armour for 82 gold pieces
 76930 | Bazaar   | Bought a fine chain mail for 123 gold pieces
 76930 | Bazaar   | Identified the +2 chain mail "Osmoyhe" {rElec rF+ Str+4}
                  | (You bought it in a shop in a bazaar)
 76952 | Bazaar   | Bought a potion of heal wounds for 65 gold pieces
 76952 | Bazaar   | Bought a potion of heal wounds for 65 gold pieces
 76952 | Bazaar   | Bought a potion of lignification for 39 gold pieces
 76952 | Bazaar   | Bought 2 potions of attraction for 78 gold pieces
 76952 | Bazaar   | Bought 2 potions of attraction for 78 gold pieces
 76952 | Bazaar   | Bought 2 potions of curing for 78 gold pieces
 77071 | Depths:3 | Reached XP level 25. HP: 150/212 MP: 35/35
 78086 | Depths:3 | Found a one-way gate to the infinite horrors of the Abyss.
 78088 | Depths:3 | Found a one-way gateway to a ziggurat.
 79750 | Depths:4 | Entered Level 4 of the Depths
 79932 | Depths:4 | Reached skill level 5 in Dodging
 81116 | Depths:4 | Found a corrupted altar of Lugonu.
 81325 | Depths:4 | Reached skill level 10 in Dodging
 81653 | Depths:4 | Found a gate to the Realm of Zot.
 82117 | Depths:4 | Found a burning altar of Makhleb.
 82674 | Slime:1  | Entered Level 1 of the Pits of Slime
 82731 | Slime:2  | Gained mutation: You sometimes lose the ability to read
                  | scrolls when taking damage. [a shining eye]
 83326 | Slime:3  | Gained mutation: Your spells are a little harder to cast,
                  | but a little more powerful. [a shining eye]
 83326 | Slime:3  | Gained mutation: You are clumsy. (Dex -2) [a shining eye]
 83634 | Slime:5  | Entered Level 5 of the Pits of Slime
 83924 | Slime:5  | Gained mutation: You are frail. (-10% HP) [a shining eye]
 83925 | Slime:5  | Gained mutation: Your mind is acute. (Int +2) [a shining
                  | eye]
 83949 | Slime:5  | Reached XP level 26. HP: 183/198 MP: 35/35
 84059 | Slime:5  | Noticed the Royal Jelly
 84071 | Slime:5  | Killed the Royal Jelly
 84424 | Slime:5  | Found the +3 pair of seven-league boots {Rampage+∞}
 84464 | Slime:5  | Identified the +1 trident "Killer Klown's Bane" {vamp, rC+}
 84469 | Slime:5  | Identified the +1 robe "Nituthap" {Int+7 Dex-3}
 84470 | Slime:5  | Identified the ring "Poddys" {rF+ EV+4 Str+6 Stlth+}
 84496 | Slime:5  | Identified the +6 scimitar "Fidgh" {freeze, *Rage Will+
                  | Str+4 Stlth+}
 84498 | Slime:5  | Got a slimy rune of Zot
 84577 | Slime:5  | Got the Tome of Unstable Hexes
 85489 | Zot:1    | Entered Level 1 of the Realm of Zot
 85493 | Zot:1    | Noticed an orb of fire
 85525 | Depths:4 | Killed an orb of fire
 85859 | Zot:1    | Reached skill level 18 in Invocations
 86473 | Zot:1    | Reached skill level 19 in Invocations
 86790 | Zot:1    | Found the +10 morningstar "Eos" {elec, Halo rElec}
 86797 | Zot:1    | Identified the +1 scale mail "Lehe Teummae" {Str+4 Dex+3}
 87072 | Zot:2    | Found the +8 orange crystal plate armour {Archmagi, Int+3
                  | Clar}
 87150 | Zot:2    | Identified the ring of Omior {EV+4 Str+4}
 87256 | Zot:2    | Reached skill level 20 in Invocations
 87545 | Zot:2    | Noticed a curse toe
 87565 | Zot:2    | Killed a curse toe
 87731 | Zot:2    | You fall into a shaft and drop 1 floor!
 87738 | Zot:3    | Noticed an orb of fire
 87970 | Zot:2    | Found Quudapt's Changing Room.
 88036 | Zot:2    | Bought a potion of mutation for 160 gold pieces
 88457 | D:12     | You paid a toll of a +6 demon blade to enter a treasure
                  | trove
 88458 | Trove    | Entered a treasure trove
 88469 | Trove    | Identified the +0 crystal plate armour of Sesh {Str+7}
 88470 | Trove    | Identified the +15 crystal plate armour of Owunnesoig
                  | {Will- rCorr Str+3 Int+4}
 88471 | Trove    | Identified the +2 cloak of the King of the Hill {rPois
                  | rCorr Int-4 Dex+2 Stlth+}
 88500 | Trove    | Identified the amulet of Moderation {Faith +Inv Int+4
                  | Dex+3}
 88502 | Trove    | Identified the amulet of Udwaon {Acrobat rC+ Stlth+}
 89037 | Zot:3    | Reached XP level 27. HP: 180/205 MP: 37/37
 89646 | Zot:3    | Gained mutation: Armour fits poorly on your strangely
                  | shaped body. [an orb of fire]
 89649 | Zot:3    | Killed an orb of fire
 89809 | Zot:3    | Lost mutation: Armour fits poorly on your strangely shaped
                  | body. [potion of mutation]
 89809 | Zot:3    | Lost mutation: Your mind is acute. (Int +2) [potion of
                  | mutation]
 89809 | Zot:3    | Gained mutation: You do not regenerate when monsters are
                  | visible. [potion of mutation]
 89809 | Zot:3    | Gained mutation: Your flesh is heat resistant. (rF+)
                  | [potion of mutation]
 90274 | Zot:4    | Reached skill level 21 in Invocations
 91939 | Zot:5    | Entered Level 5 of the Realm of Zot
 91947 | Zot:5    | Found a snail-covered altar of Cheibriados.
 93117 | Zot:5    | Found a shadowy altar of Dithmenos.
 93359 | Zot:5    | Reached skill level 22 in Invocations
 93842 | Zot:5    | Noticed a Killer Klown
 93848 | Zot:5    | Killed a Killer Klown
 94032 | Zot:5    | Noticed a Killer Klown
 94046 | Zot:5    | Killed a Killer Klown
 94381 | Zot:5    | Noticed an orb of fire
 94390 | Zot:5    | Gained mutation: Armour fits poorly on your strangely
                  | shaped body. [an orb of fire]
 94391 | Zot:5    | Gained mutation: You are very frail. (-20% HP) [an orb of
                  | fire]
 94393 | Zot:5    | Killed an orb of fire
 94394 | Zot:5    | Lost mutation: Your flesh is heat resistant. (rF+) [potion
                  | of mutation]
 94394 | Zot:5    | Lost mutation: You are clumsy. (Dex -2) [potion of
                  | mutation]
 94394 | Zot:5    | Lost mutation: You do not regenerate when monsters are
                  | visible. [potion of mutation]
 94394 | Zot:5    | Gained mutation: Your body sometimes deteriorates upon
                  | taking damage. [potion of mutation]
 94394 | Zot:5    | Gained mutation: You have a beak for a mouth. [potion of
                  | mutation]
 94395 | Zot:5    | Lost mutation: You are very frail. (-20% HP) [potion of
                  | mutation]
 94395 | Zot:5    | Lost mutation: You have a beak for a mouth. [potion of
                  | mutation]
 94395 | Zot:5    | Gained mutation: You have sharp fingernails. [potion of
                  | mutation]
 94395 | Zot:5    | Gained mutation: Your spells are harder to cast, but more
                  | powerful. [potion of mutation]
 94481 | Zot:5    | Noticed an orb of fire
 94492 | Zot:5    | Killed an orb of fire
 94663 | Zot:5    | Noticed a dread lich
 94668 | Zot:5    | Killed a dread lich
 94912 | Zot:5    | Noticed an orb of fire
 94937 | Zot:5    | Killed an orb of fire
 95108 | Zot:5    | Noticed an orb of fire
 95110 | Zot:5    | Gained mutation: Your magical capacity is low. (-10% MP)
                  | [an orb of fire]
 95115 | Zot:5    | Noticed an orb of fire
 95118 | Zot:5    | Lost mutation: Your spells are harder to cast, but more
                  | powerful. [an orb of fire]
 95137 | Zot:5    | Gained mutation: You are weak. (Str -2) [an orb of fire]
 95536 | Zot:4    | Killed an orb of fire
 95551 | Zot:4    | Gained mutation: You are dopey. (Int -2) [an orb of fire]
 95560 | Zot:4    | Killed an orb of fire
 96248 | Zot:5    | Reached skill level 23 in Invocations
 96430 | Zot:5    | Noticed a Killer Klown
 96444 | Zot:5    | Killed a Killer Klown
 96572 | Zot:5    | Noticed a dread lich
 96577 | Zot:5    | Killed a dread lich
 96616 | Zot:5    | Noticed an orb of fire
 96623 | Zot:5    | Gained mutation: You are clumsy. (Dex -2) [an orb of fire]
 96634 | Zot:5    | Killed an orb of fire
 97210 | Zot:5    | Noticed an orb of fire
 97222 | Zot:5    | Gained mutation: Your body often deteriorates upon taking
                  | damage. [an orb of fire]
 97235 | Zot:5    | Gained mutation: You occasionally shout uncontrollably at
                  | your foes. [an orb of fire]
 97242 | Zot:5    | Killed an orb of fire
 97527 | Zot:5    | Noticed a dread lich
 97533 | Zot:5    | Killed a dread lich
 98273 | Zot:5    | Noticed an orb of fire
 98274 | Zot:5    | Gained mutation: You are very dopey. (Int -4) [an orb of
                  | fire]
 98290 | Zot:5    | Killed an orb of fire
 98659 | Zot:5    | Noticed an orb of fire
 98661 | Zot:5    | Gained mutation: You are partially covered in iridescent
                  | scales. (AC +2) [an orb of fire]
 98678 | Zot:5    | Killed an orb of fire
 98786 | Zot:5    | Noticed a dread lich
 99023 | Zot:5    | Killed a dread lich
 99309 | Zot:5    | Reached skill level 24 in Invocations
 99309 | Zot:5    | Lost mutation: You sometimes lose the ability to read
                  | scrolls when taking damage. [potion of mutation]
 99309 | Zot:5    | Lost mutation: Armour fits poorly on your strangely shaped
                  | body. [potion of mutation]
100344 | Zot:5    | Noticed a dread lich
100350 | Zot:5    | Killed a dread lich
101538 | Zot:5    | Acquired 790 gold pieces
101599 | Zot:5    | Got the Orb of Zot
101639 | Zot:5    | Reached skill level 25 in Invocations
101974 | D:11     | Noticed a seraph
101980 | D:11     | Killed a seraph
102028 | D:11     | Noticed Memierew the pandemonium lord
102335 | D:$      | Escaped with the Orb!

Illustrated notes

Levels and vault maps discovered:
D:1:      ebering_trefoil_twist, layout_loops_corners, serial_aquarium,
          aquarium_bridge_island_large [aquarium_subvault_large_4_pools,
          aquarium_subvault_bridge, aquarium_subvault_wall,
          aquarium_subvault_window, aquarium_subvault_bridge],
          aquarium_window_fake, aquarium_window_2, aquarium_view_2d,
          shapermc_ecumenical_altar_acropolis, moated_statue
D:2:      layout_loops_ring
D:3:      layout_basic, beargit_hepliaklqana_dungeon_heroes,
          nicolae_overflow_crystal_walls
D:4:      layout_gridville, amcnicky_altar_gilded, nicolae_shop_self_help
D:5:      layout_basic, yredelemnul_altar_generic, nicolae_specific_store,
          uniq_menkaure
D:6:      layout_loops_corners, grunt_gozag_breadcrumbs,
          mainiacjoe_overflow_catwalk, minmay_temple_entry_statues_pillars,
          hangedman_decor_slide_cut
D:7:      layout_basic, minmay_misc_feat_doors
D:8:      layout_basic, okawaru_ov_weapons_minmay, kiku_gazebo_garden_becter,
          kennysheep_little_box, mainiacjoe_overflow_alcove_4, uniq_psyche
D:9:      layout_rooms, minivault_25
D:10:     layout_rooms, serial_shops, shop
D:11:     layout_basic, dpeg_lair_monsters, serial_shops,
          nicolae_shop_bloodbath_and_beyond
D:12:     nzn_motion_control, layout_irregular_city, orc_0_dummy,
          nicolae_trove_entry_diagonal, cheibrodos_ashenzari_chains, uniq_fannar
D:13:     layout_irregular_city, uniq_erolcha
D:14:     layout_loops_ring, david_vaults_3, gammafunk_ghost_hydra_chop,
          uniq_rupert
D:15:     hangedman_spin_cycle
Temple:   nicolae_temple_x_marks_the_god
Lair:1:   lemuel_ratsnest, layout_gridlike, grunt_megastairs_1,
          lemuel_fruit_tree
Lair:2:   layout_roguey, minmay_swamp_entry_eels, chequers_serial_rivers_room_b,
          grunt_megastairs_5
Lair:3:   layout_cave_pods, guppyfry_snake_entry_island, minmay_holes,
          serial_bayou_shore_b
Lair:4:   layout_loops_ring, dreamdust_deal_with_the_devil
Lair:5:   layout_long_grid, patterned_corridor, grunt_megastairs_3,
          infiniplex_staircase_pool
Lair:6:   minmay_lair_end_enchanted_forest, layout_layer_cave,
          nicolae_slime_entry_slimehenge, nicolae_quartered_pool_medium,
          nicolae_lair_yak_garden, lemuel_fruit_fields, serial_bayou_shore_b,
          uniq_urug
Swamp:1:  layout_falls_marsh, evilmike_swamp_ruin_rubble_1, swamp_pool2
Swamp:2:  layout_basic_swamp, gammafunk_ghost_grave, hangedman_swamp_blocks
Swamp:3:  layout_falls_marsh, evilmike_swamp_ruin_house_2,
          infiniplex_staircase_pool_2, uniq_louise
Swamp:4:  swamp_alternative, layout_basic_swamp, ebering_ghost_disaster_area,
          uniq_kirke
Snake:1:  layout_chambers, nrook_guardian_serpent_ordinary, minmay_shoptagon,
          uniq_nikola
Snake:2:  layout_basic, nicolae_snake_bzzzt, uniq_jorgrun
Snake:3:  layout_misc_corridors, gammafunk_ghost_cemetery,
          serial_nicolae_subway, nicolae_sub_station_metal,
          nicolae_sub_station_stone, nicolae_sub_station_crystal, uniq_azrael,
          uniq_vashnia
Snake:4:  minmay_snake_end_coiled, layout_gridlike, serial_bayou_pond_e,
          statue_in_the_mist_lemuel
Slime:1:  layout_caves
Slime:2:  layout_caves, uniq_dissolution
Slime:3:  layout_caves
Slime:4:  layout_caves
Slime:5
Orc:1:    layout_caves, hellmonk_bongcloud_opening, nicolae_orc_crystal_geode
Orc:2:    st_orc_ogre_mass, layout_diamond_mine, serial_shops, shop,
          nicolae_shop_firing_range, uniq_snorg
Elf:1:    nicolae_elf_arrival_dilemma, layout_geoelf_diagonals,
          kennysheep_underground_church
Elf:2:    nicolae_elf_blades_crystal_corner, layout_loops_cross, serial_shops,
          shop, nicolae_wooded_promenade, uniq_saint_roka
Elf:3:    nooodl_elf_gasket, layout_loops_corners, serial_shops, shop,
          serial_glass, glass_columns_a, glass_columns_b, item_on_display_a,
          item_on_display_a, item_on_display_a, due_unseen_surprise, uniq_aizul,
          uniq_asterion
Vaults:1: vaults_mumra_hex, ontoclasm_vaults_ring_small,
          hangedman_vaults_restitches, v_rooms_3, layout_vaults_quadrants
Vaults:2: minmay_crypt_entry_simple_walls, ontoclasm_vaults_twist,
          nicolae_vaults_twisting_passages, v_pattern_3,
          nicolae_vaults_sealed_display, st_quartered_hall,
          vaults_standard_mumra_x, vaults_mumra_minichess_inversion,
          ontoclasm_vaults_shuriken, dpeg_vaults_monster_row,
          ontoclasm_vaults_ligature, vaults_room_pool, vaults_dpeg_encased_lava,
          nicolae_vaults_gold_heap, layout_vaults_big_room
Vaults:3: nicolae_vaults_theta, gammafunk_sealed_arena,
          nicolae_vaults_little_squares_3, v_misc_2, v_misc_15,
          hangedman_vaults_unwind, grunt_vaults_funnel,
          hangedman_vaults_stretched_pinwheel, ontoclasm_vaults_fault,
          vaults_room_large_hall, hangedman_vaults_pinch, layout_vaults_maze
Vaults:4: st_squares, vaults_mumra_minichess, v_misc_14,
          nicolae_vaults_little_squares_6, hangedman_vaults_hat,
          ontoclasm_vaults_ring_small, v_misc_11, v_misc_25, v_pattern_4,
          nicolae_vaults_yaktaur_gun_rack, nicolae_vaults_little_squares_5,
          ontoclasm_vaults_spin, layout_vaults_omnibox, serial_shops, shop
Depths:1: layout_twisted_cross, kennysheep_nondescript, hellmouth_3,
          minmay_strange_pillars, kilobyte_rumbling_trees
Depths:2: cheibrodos_witchhunters_guild, layout_gridlike, hell_entry,
          rand_demon_pan_entry_4, chequers_jeans, minmay_misc_feat_rows,
          nicolae_elemental_shop, minmay_misc_feat_roman
Depths:3: gold_lair_mu, layout_long_grid, enter_ziggurat_c, serial_shops,
          bzr_entry_water, abyss_entry, lightli_too_deep,
          minmay_misc_feat_plants, serial_bayou_pond_b,
          infiniplex_staircase_zigzag_1
Depths:4: evilmike_zot_entry_argh, layout_gridlike, serial_sigils,
          serial_sigils_hangedman_scratch, serial_sigils_hangedman_snap,
          serial_sigils_hangedman_shear, serial_sigils_hangedman_etch,
          serial_sigils_hangedman_gnaw, serial_sigils_hangedman_quiver,
          hell_entry, lemuel_tele_altar, tgw_lugonu_bribe
Zot:1:    layout_misc_corridors
Zot:2:    layout_misc_corridors, nicolae_transmutations_shop
Zot:3:    layout_cathedral_of_symmetry
Zot:4:    layout_cathedral_of_symmetry
Zot:5:    layout_cathedral_of_symmetry, grunt_ministairs_15,
          hangedman_feature_mirror, skrybe_zot_glass_1

Skill      XL: |  1  2  3  4  5  6  7  8  9 10 11 12 13 14 15 16 17 18 19 20 21 22 23 24 25 26 27 |
---------------+----------------------------------------------------------------------------------+-----
Stealth        | 1 2 |  2.3
Fighting       | 2 3 4 5 7 8 9 10 11 12 13 14 15 16 17 19 20 21 | 21.5
Armour         | 1 6 7 9 11 15 | 15.3
Crossbows      | 2 6 11 14 17 18 | 18.0
Axes           | 1 2 3 4 6 8 10 12 13 14 16 17 18 21 22 24 | 24.0
Shields        | 1 2 3 5 7 10 12 13 15 18 19 | 19.5
Invocations    | 4 8 10 12 14 16 17 20 25 | 25.8
Evocations     | 4 5 8 |  8.6
Dodging        | 13 | 13.6
Throwing       | |  2.0
Spellcasting   | |  1.4
Necromancy     | |  2.2

Action                   |  1- 3 |  4- 6 |  7- 9 | 10-12 | 13-15 | 16-18 | 19-21 | 22-24 | 25-27 || total
-------------------------+-------+-------+-------+-------+-------+-------+-------+-------+-------++-------
Melee: Dagger            |    12 |       |       |       |       |       |       |       |       ||    12
       Short sword       |    68 |    28 |       |       |       |       |       |       |       ||    96
       Punch             |       |     1 |       |       |       |       |       |       |       ||     1
       Hand axe          |       |    52 |   204 |   497 |    26 |   151 |       |       |       ||   930
       Broad axe         |       |       |       |    25 |   864 |  1121 |    93 |       |     7 ||  2110
       Executioner's axe |       |       |       |       |       |    23 |   708 |   663 |   823 ||  2217
       Arbalest          |       |       |       |       |       |       |       |     1 |       ||     1
       War axe           |       |       |       |       |       |       |       |       |   235 ||   235
 Fire: Hand crossbow     |    44 |    72 |    71 |    45 |    30 |       |       |       |       ||   262
       Arbalest          |       |       |       |       |       |     9 |   483 |   699 |   791 ||  1982
Throw: Dart              |     2 |       |       |       |       |       |       |       |       ||     2
 Cast: Pain              |     1 |       |       |       |       |       |       |       |       ||     1
Invok: Upheaval          |       |       |       |    15 |    14 |    20 |     3 |    16 |    31 ||    99
       Elemental Force   |       |       |       |       |     2 |     1 |       |       |     1 ||     4
       Disaster Area     |       |       |       |       |       |     1 |     2 |       |     3 ||     6
 Abil: Shaft Self        |       |       |       |     1 |       |       |       |       |       ||     1
       Dig               |       |       |       |       |     3 |       |       |       |       ||     3
Evoke: Wand              |       |       |       |    10 |       |     2 |     2 |     2 |       ||    16
       Phial of floods   |       |       |       |       |     1 |     1 |     1 |       |       ||     3
       Phantom mirror    |       |       |       |       |       |       |     1 |     2 |     3 ||     6
       Condenser vane    |       |       |       |       |       |       |       |       |     1 ||     1
  Use: Potion            |       |       |     1 |       |       |     4 |       |       |    22 ||    27
       Scroll            |       |       |       |    23 |     4 |     4 |    10 |     3 |    15 ||    59
 Stab: Paralysed         |       |       |       |     9 |     4 |     3 |       |       |       ||    16
       Petrified         |       |       |       |     1 |       |       |       |       |       ||     1
Armor: Leather armour    |    32 |       |       |       |       |       |       |       |       ||    32
       Ring mail         |    11 |    38 |    54 |   111 |    20 |   183 |   295 |     1 |       ||   713
       Plate armour      |       |       |       |       |   150 |    64 |       |   317 |    10 ||   541
       Gold dragon scale |       |       |       |       |       |       |       |       |   460 ||   460
Dodge: Dodged            |    45 |    32 |    37 |    85 |   131 |   165 |   224 |   119 |   278 ||  1116
       Repelled          |       |       |       |       |     3 |    28 |    13 |     7 |    33 ||    84
Block: Other             |     8 |    13 |       |       |       |       |       |       |       ||    21
       Kite shield       |       |    18 |   149 |   447 |   759 |  1224 |  1147 |   570 |       ||  4314
       Reflection        |       |       |     9 |    14 |    16 |   172 |    96 |    93 |    25 ||   425
       Tower shield      |       |       |       |       |       |       |       |   421 |  1488 ||  1909
